 Dungeon Crawl Stone Soup version 0.28-a0-305-g9e858e973b (webtiles) character file.

Game seed: 2710176989033349899

8312 bearlyready the Carver (level 11, -10/84 HPs)
             Began as a Formicid Cinder Acolyte on Aug 29, 2021.
             Was a High Priest of Ignis.
             Mangled by Grum (24 damage)
             ... on level 10 of the Dungeon.
             The game lasted 00:47:44 (17376 turns).

bearlyready the Carver (Formicid Cinder Acolyte)   Turns: 17376, Time: 00:47:45

Health: -10/84     AC: 14    Str: 23    XL:     11   Next: 53%
Magic:  22/27      EV:  8    Int: 13    God:    Ignis [*****.]
Gold:   333        SH: 11    Dex:  6    Spells: 19/20 levels left

rFire   + . .      SeeInvis +   b - +1 dagger (elec)
rCold   . . .      Faith    .   J - +0 tower shield
rNeg    . . .      Spirit   .   z - +0 steam dragon scales
rPois   .          Reflect  .   (helmet unavailable)
rElec   .          Harm     .   O - +0 cloak
rCorr   .          Rampage  .   N - +0 pair of gloves
Will    +....                   H - +1 pair of boots
Stlth   +.........              k - amulet of the acrobat
HPRegen 0.24/turn               A - ring of magical power
MPRegen 0.20/turn               v - +4 ring of protection

@: very slightly contaminated
A: permanent stasis, dig shafts and tunnels, antennae 3, four strong arms
a: Dig, Shaft Self, Renounce Religion, Sea of Fire, Foxfire Swarm, Rising Flame


You were on level 10 of the Dungeon.
You worshipped Ignis.
Ignis was extremely pleased with you.
You visited 2 branches of the dungeon, and saw 11 of its levels.
You also visited: Ossuary.

You collected 515 gold pieces.
You spent 182 gold pieces at shops.

Inventory:

Hand Weapons
 a - a +1 dagger of venom
 b - a +1 dagger of electrocution (weapon)
 g - a -1 falchion of flaming
 r - a +0 falchion
 w - a +0 long sword
 y - a +0 rapier of flaming
 D - a +1 arbalest of flaming
 M - a +1 dagger of freezing
Missiles
 c - 240 stones
 o - 27 boomerangs
 x - 42 poisoned darts
 F - 23 sling bullets
Armour
 l - a +1 leather armour of willpower
 n - a +0 troll leather armour
 z - +0 steam dragon scales (worn)
 C - +0 acid dragon scales
 H - a +1 pair of boots (worn)
 J - a +0 tower shield (worn)
 N - a +0 pair of gloves (worn)
 O - a +0 cloak (worn)
Jewellery
 j - a ring of positive energy
 k - an amulet of the acrobat (around neck)
 t - a ring of resist corrosion
 v - a +4 ring of protection (right hand)
 A - a ring of magical power (left hand)
 I - the ring of Duomes {rC+ rN+++ Will+ rCorr Slay-5}
   (You found it on level 10 of the Dungeon)

   [ring of protection from cold]

   Slay:      It affects your accuracy & damage with ranged weapons and melee
   (-5).
   rC:        It protects you from cold.
   rN:        It renders you almost immune to negative energy.
   rCorr:     It protects you from acid and corrosion.
   Will:      It increases your willpower.
 K - a ring of positive energy
Wands
 h - a wand of charming (3)
Scrolls
 d - a scroll of torment
 i - 4 scrolls of enchant armour
 m - 2 scrolls of amnesia
 B - 3 scrolls of teleportation
 P - a scroll of acquirement
 R - a scroll of noise
Potions
 f - 2 potions of brilliance
 q - 7 potions of attraction
 u - 5 potions of haste
 E - 4 potions of flight
 G - a potion of magic {unknown}


   Skills:
 + Level 7.0 Fighting
 - Level 9.4 Long Blades
 - Level 3.0 Armour
 - Level 4.2 Dodging
 + Level 4.3 Shields
 - Level 5.0 Spellcasting
 - Level 4.0 Conjurations
 - Level 6.1 Fire Magic
 - Level 8.0 Evocations


You had 19 spell levels left.
You knew the following spells:

 Your Spells              Type           Power      Damage    Failure   Level
a - Foxfire               Conj/Fire      64%        2x1d7     22%         1

Your spell library contained the following spells:

 Spells                   Type           Power      Damage    Failure   Level
 Magic Dart               Conj           52%        1d5       34%         1
 Beastly Appendage        Tmut           6%         N/A       88%         1
 Sandblast                Erth           6%         2d5       88%         1
 Ignite Poison            Fire/Tmut/Pois 8%         N/A       94%         3
 Mephitic Cloud           Conj/Pois/Air  6%         N/A       97%         3
 Bolt of Magma            Conj/Fire/Erth 6%         4d6       100%        5
 Chain Lightning          Conj/Air       4%         3d5       100%        9
 Fire Storm               Conj/Fire      8%         8d2       100%        9


Dungeon Overview and Level Annotations

Branches:
Dungeon (10/15)            Temple (0/1) D:7            Lair (1/6) D:8
Ossuary (visited)
    Orc: D:9-12

Altars:
Ashenzari
Elyvilon
Gozag
Kikubaaqudgha
Qazlal
Vehumet
Xom
Yredelemnul

Shops:
D:9 *

Annotations:
D:10 exclusion: ice statue, Grum


Innate Abilities, Weirdness & Mutations

You cannot be hasted, slowed, berserked, paralysed or teleported.
You can dig through walls and to a lower floor.
You have a pair of large antennae on your head. (SInv)
Your four strong arms can wield two-handed weapons with a shield.


Message History

Grum is severely wounded.
Grum hits you with the +9 quarterstaff "Zeuby" {vamp, *Rage rC++ Will- rCorr}!!
* * * LOW HITPOINT WARNING * * *
Grum draws strength from your wounds!
Casting: Foxfire (safe; 22% risk of failure)
Press: ? - help, Q - select action, (/) - cycle Dir - look around, f - activate You conjure some foxfire!
Grum hits you with the +9 quarterstaff "Zeuby" {vamp, *Rage rC++ Will- rCorr}.
* * * LOW HITPOINT WARNING * * *
Grum draws strength from your wounds!
You feel better.
The foxfire hits Grum.
Grum is heavily wounded.
The foxfire hits Grum.
Grum is heavily wounded.
Grum hits you with the +9 quarterstaff "Zeuby" {vamp, *Rage rC++ Will- rCorr}.
* * * LOW HITPOINT WARNING * * *
Grum draws strength from your wounds!
You feel better.
Grum hits you with the +9 quarterstaff "Zeuby" {vamp, *Rage rC++ Will- rCorr}.
* * * LOW HITPOINT WARNING * * *
Grum draws strength from your wounds!
Okay, then.
Casting: Foxfire (safe; 22% risk of failure)
Confirm with . or Enter, or press ? or * to list all spells.
You miscast Foxfire.
You are very lightly contaminated with residual magic.
Nothing appears to happen.
Grum barely misses you.
You hit Grum.
Grum looks as sick as possible!
Grum is heavily wounded.
Grum hits you but does no damage.
Your +1 dagger of venom stops dripping with poison.
You hear the crackle of electricity.
b - a +1 dagger of electrocution (weapon)
You hit Grum but do no damage.
Grum is severely wounded.
You block Grum's attack.
You hit Grum.
Grum is almost dead.
Grum hits you with the +9 quarterstaff "Zeuby" {vamp, *Rage rC++ Will- rCorr}!!
You die...

#...#
##.#.........#.#.#.#
# ##.##
##..#####..#.##.#.#
# ... ##.#
#.....#.#.# # ##..
#.## #.........# #
<. #..# ##......###
# ##..# #.#.#.## #
#...# #.#.#.# #
#...# #.#.#.# #
#.g@# #.#.#.# #
#...#####.#.#.# #
#...........#.# #
#.#.#####.###.# #
.(.... #...##.# #
#.#.....#.#.#.#.# #
#............#.=#
#.............###
#.............


You could see Grum (extremely poisoned).

Vanquished Creatures
  A two-headed ogre (D:8)
  Pikel (D:5)
  An unseen horror (D:10)
  4 trolls
  A hornet (D:7)
  Grinder (D:6)
  Eustachio (D:4)
  A wyvern (D:9)
  2 steam dragons (D:6)
  A water moccasin (D:7)
  An acid dragon (D:8)
  A black bear (D:6)
  A necrophage (D:7)
  8 orc warriors
  2 ogres (D:5)
  7 wolves
  9 centaurs
  A kobold brigand (D:10)
  3 lemures (D:5)
  A phantom (D:6)
  A bullfrog (D:7)
  3 scorpions
  5 water moccasin zombies
  A water moccasin skeleton (D:6)
  A jelly (D:6)
  5 electric eels (D:8)
  4 howler monkeys
  4 centaur zombies
  A gnoll shaman (D:9)
  7 orc priests
  5 hounds
  A centaur skeleton (D:6)
  6 iguanas
  15 orc wizards
  A killer bee zombie (D:7)
  A hound skeleton (D:4)
  2 mummies (Ossuary)
  A howler monkey zombie (D:9)
  8 gnolls
  4 adders
  A howler monkey skeleton (D:4)
  2 shadow imps (D:5)
  2 white imps
  5 adder zombies (Ossuary)
  2 worms
  44 orcs
  12 ball pythons
  2 bats (D:2)
  6 endoplasms
  5 giant cockroaches
  7 goblins
  8 hobgoblins
  6 jackals
  5 quokkas
  5 gnoll zombies (Ossuary)
  A goblin zombie (D:8)
  5 hobgoblin zombies (Ossuary)
  6 kobolds
  3 kobold zombies (Ossuary)
  7 orc zombies (Ossuary)
  A quokka zombie (D:8)
  3 rats
262 creatures vanquished.

Vanquished Creatures (collateral kills)
  2 orc priests (D:9)
2 creatures vanquished.

Vanquished Creatures (others)
  A wolf (D:8)
  836 foxfires
837 creatures vanquished.

Grand Total: 1101 creatures vanquished

Notes
Turn   | Place    | Note
-------+----------+-------------------------------------------
     0 | D:1      | bearlyready the Formicid Cinder Acolyte began the quest for
                  | the Orb.
     0 | D:1      | Reached XP level 1. HP: 18/18 MP: 2/2
    74 | D:1      | Got A Beginning Course on Sorcery
   437 | D:1      | Reached XP level 2. HP: 18/24 MP: 3/3
   568 | D:1      | Noticed a floating eye
   588 | D:1      | Reached skill level 1 in Conjurations
   774 | D:1      | Noticed a floating eye
   776 | D:1      | Found a faded altar of an unknown god.
   778 | D:1      | Noticed a shining eye
   778 | D:1      | Noticed a golden eye
   883 | D:1      | Reached XP level 3. HP: 14/29 MP: 0/4
  2006 | D:2      | Reached XP level 4. HP: 35/35 MP: 2/5
  3450 | D:3      | Found a white marble altar of Elyvilon.
  3451 | D:3      | Found an ancient bone altar of Kikubaaqudgha.
  3451 | D:3      | Found a stormy altar of Qazlal.
  3497 | D:3      | Reached XP level 5. HP: 41/41 MP: 1/6
  3896 | D:3      | Found a basalt altar of Yredelemnul.
  4359 | D:4      | Reached XP level 6. HP: 26/47 MP: 0/7
  4720 | D:4      | Reached skill level 4 in Long Blades
  5486 | D:4      | Reached XP level 7. HP: 41/52 MP: 2/8
  5585 | D:4      | Found an opulent altar of Gozag.
  5606 | D:4      | Found a shimmering altar of Xom.
  5619 | D:4      | Found a radiant altar of Vehumet.
  6310 | D:4      | Found a broken altar of Ashenzari.
  6327 | D:5      | Entered Level 5 of the Dungeon
  6449 | D:5      | Reached skill level 5 in Long Blades
  6575 | D:5      | Reached skill level 5 in Fire Magic
  6575 | D:5      | Reached XP level 8. HP: 42/58 MP: 5/9
  6691 | D:5      | Noticed Eustachio
  7368 | D:4      | Killed Eustachio
  7369 | D:4      | Reached skill level 6 in Long Blades
  7800 | D:5      | Reached skill level 1 in Evocations
  7991 | D:5      | Noticed Pikel
  8016 | D:5      | Killed Pikel
  8017 | D:5      | Reached skill level 7 in Long Blades
  8017 | D:5      | Reached XP level 9. HP: 49/66 MP: 2/10
  8452 | D:6      | Reached skill level 5 in Fighting
  9530 | D:6      | Reached skill level 8 in Long Blades
  9530 | D:6      | Reached skill level 5 in Evocations
  9680 | D:6      | Noticed Grinder
  9688 | D:6      | Killed Grinder
  9689 | D:6      | Reached XP level 10. HP: 77/77 MP: 11/11
 10708 | D:7      | Found a staircase to the Ecumenical Temple.
 11147 | D:7      | Reached skill level 1 in Dodging
 11655 | D:7      | HP: 2/79 [wraith (11)]
 12343 | D:6      | You fall into a shaft and drop 3 floors!
 12492 | D:9      | Reached skill level 9 in Long Blades
 13401 | D:9      | Found Jyjuna's Gadget Gallery.
 13409 | D:9      | Bought a wand of paralysis (11) for 182 gold pieces
 13603 | D:10     | Entered Level 10 of the Dungeon
 13690 | D:8      | Reached skill level 1 in Shields
 13690 | D:8      | Reached XP level 11. HP: 13/84 MP: 16/16
 13876 | D:8      | Found a sand-covered staircase.
 13902 | Ossuary  | Entered an ossuary
 14237 | D:8      | Reached skill level 1 in Armour
 14865 | D:8      | Found a staircase to the Lair.
 15167 | D:8      | Noticed a two-headed ogre
 15194 | D:8      | Killed a two-headed ogre
 15572 | Lair:1   | Entered Level 1 of the Lair of Beasts
 15591 | Lair:1   | Noticed a five-headed hydra
 15934 | D:10     | Identified the ring of Duomes {rC+ rN+++ Will+ rCorr
                  | Slay-5}
 16026 | D:10     | Noticed Grum
 16673 | D:10     | Reached skill level 5 in Spellcasting
 16738 | D:9      | Identified a scroll of acquirement
 17052 | D:10     | Identified the +9 quarterstaff "Zeuby" {vamp, *Rage rC++
                  | Will- rCorr}
 17376 | D:10     | Mangled by Grum

Illustrated notes

Levels and vault maps discovered:
D:1:      minmay_arrival_stair_chambers, layout_loops_cross,
          hellmonk_ecumenical_altar_watching_god, serial_bayou_crossing
D:2:      layout_basic, chequers_serial_rivers_small_3
D:3:      layout_basic, gammafunk_temple_overflow_claw,
          mainiacjoe_overflow_tiny_flanked
D:4:      layout_rooms, nicolae_overflow_quartered_altars,
          kennysheep_generic_room_2
D:5:      layout_basic, hex_intersection, uniq_pikel, uniq_eustachio
D:6:      layout_basic, uniq_grinder
D:7:      minmay_clustersquares, layout_loops_ring,
          minmay_temple_entry_junction_2
D:8:      layout_layer_cave, erik_lair_island, enter_ossuary_4,
          minmay_door_square
D:9:      layout_cave_pools, serial_column_ruins, column_ruins_grid_1,
          column_ruins_grid_1, column_ruins_columns_straight,
          column_ruins_grid_1, column_ruins_corridor_straight,
          nicolae_shop_gadgets
D:10:     layout_loops_ring, minivault_16, kennysheep_decorative_pillar,
          uniq_grum
Lair:1:   gammafunk_cloud_chamber, layout_cave_pods, enter_volcano_4,
          infiniplex_staircase_pool, minmay_lair_oklob_chamber

Skill      XL: |  1  2  3  4  5  6  7  8  9 10 11 |
---------------+----------------------------------+-----
Conjurations   | 1 2 3 4 |  4.0
Fire Magic     | 2 3 4 5 6 |  6.1
Long Blades    | 4 5 7 8 9 |  9.4
Evocations     | 3 5 7 8 |  8.0
Fighting       | 4 6 7 |  7.0
Dodging        | 3 4 |  4.2
Spellcasting   | 3 5 |  5.0
Shields        | 1 4 |  4.3
Armour         | 3 |  3.0

Action                   |  1- 3 |  4- 6 |  7- 9 | 10-12 || total
-------------------------+-------+-------+-------+-------++-------
Melee: Falchion          |    60 |    86 |       |       ||   146
       Dagger            |       |     2 |   219 |   400 ||   621
       Long sword        |       |       |       |    12 ||    12
Throw: Stone             |     2 |       |       |     1 ||     3
       Boomerang         |       |     4 |       |       ||     4
       Dart              |       |       |       |     4 ||     4
       Throwing net      |       |       |       |     1 ||     1
 Cast: Foxfire           |    27 |    86 |   136 |   225 ||   474
 Abil: Dig               |       |     3 |     6 |     9 ||    18
       Shaft Self        |       |       |       |     1 ||     1
Evoke: Wand              |       |       |     2 |    23 ||    25
  Use: Potion            |       |       |     3 |     5 ||     8
       Scroll            |       |       |     4 |    10 ||    14
 Stab: Paralysed         |       |       |    11 |    17 ||    28
Armor: Robe              |     7 |       |       |       ||     7
       Leather armour    |    15 |    28 |    37 |       ||    80
       Steam dragon scal |       |       |    21 |   183 ||   204
Dodge: Dodged            |    45 |    65 |   151 |   253 ||   514
Block: Tower shield      |       |       |       |    55 ||    55

Table legend: (Time is in decaauts)
 A = Elapsed time spent in this place.
 B = Non-inter-level travel time spent in this place.
 C = Inter-level travel time spent in this place.
 D = Time resting spent in this place.
 E = Time spent auto-exploring this place.
 F = Levels seen in this place.
 G = Mean time per level.
                   A        B        C        D        E       F      G
               +--------+--------+--------+--------+--------+-----+--------+
         Total |  17313 |  16737 |    576 |   3009 |  10660 |  12 | 1442.8 |
       Dungeon |  16975 |  16399 |    576 |   3009 |  10480 |  10 | 1697.5 |
          Lair |     50 |     50 |      0 |      0 |      5 |   1 |   50.0 |
       Ossuary |    288 |    288 |      0 |      0 |    175 |   1 |  288.0 |
               +--------+--------+--------+--------+--------+-----+--------+

Top non-repeatable levels by time:
     D:6: 2253 daAuts
     D:9: 2185 daAuts
     D:3: 1890 daAuts
     D:4: 1814 daAuts
     D:5: 1810 daAuts
     D:7: 1733 daAuts
     D:2: 1508 daAuts
     D:8: 1488 daAuts
     D:1: 1443 daAuts
    D:10: 846 daAuts
 Ossuary: 288 daAuts
  Lair:1: 50 daAuts
